AoeStats
← jphilkill

MegaRandom

505454140Analyzed
4v4 RM · 24d ago on Sep 9, 2026· 48m 6s· 8 players
Game mode
Random Map
Map size
Large (8 player)
Population
200
Speed
Normal
Resources
Standard
Victory
Conquest
Starting age
Dark Age
Ending age
Imperial Age
RankedLock teamsTeams togetherTeam positionsShared explorationLock speedFull tech treeHidden civsTurbo modeCheats
Victory
Defeat
🇷🇴 Lithuanians · Romania
1040
+15
🇳🇱 Slavs · Netherlands
972
+17
🇩🇪 Burgundians · Germany
963
+18
🇨🇿 Portuguese · Czechia
961
+17
🇷🇺 Berbers · Russia
1067
-20
🇨🇱 Franks · Chile
1035
-18
🇷🇺 Italians · Russia
987
-16
🇨🇳 Teutons · China
920
-13
viahortus
4:46 Loom
11:36 Feudal Age
15:13 Castle Age
14:55 Double-Bit Axe
14:52 Horse Collar
16:42 Bow Saw
21:44 Husbandry
23:13 Scale Barding Armor
23:25 Bloodlines
24:41 Chain Barding Armor
26:25 Wheelbarrow
25:36 Town Watch
28:39 Forging
28:31 Scale Mail Armor
31:08 Imperial Age
29:06 Stone Mining
29:11 Gold Mining
30:04 Heavy Plow
31:45 Onager
33:07 Cavalier
35:21 Detinets
35:42 Conscription
37:40 Fletching
39:42 Siege Engineers
40:54 Chemistry
41:20 Siege Onager
42:37 Hand Cart
42:23 Town Patrol
43:28 Gold Shaft Mining
42:37 Capped Ram
44:04 Siege Ram
45:55 Pikeman
Citizzen
0:46 Loom
12:36 Feudal Age
13:44 Horse Collar
20:27 Castle Age
20:31 Wheelbarrow
19:42 Town Watch
20:33 Double-Bit Axe
23:03 Forging
22:59 Scale Barding Armor
22:57 Husbandry
23:08 Bloodlines
28:11 Iron Casting
30:22 Chain Barding Armor
29:55 Gold Mining
30:30 Bow Saw
30:30 Heavy Plow
31:54 Hand Cart
33:28 Stone Mining
43:10 Imperial Age
41:42 Ballistics
42:05 Stone Shaft Mining
43:13 Cavalier
44:31 Plate Barding Armor
43:48 Fletching
45:34 Chemistry
44:47 Masonry
44:33 Murder Holes
44:05 Light Cavalry
44:48 Padded Archer Armor
44:28 Paladin
46:28 Guilds
47:49 Town Patrol
48:28 Architecture
48:19 Bombard Tower
47:57 Bodkin Arrow
48:18 Leather Archer Armor
ldanihel
10:58 Feudal Age
12:46 Loom
16:34 Castle Age
15:24 Double-Bit Axe
16:05 Horse Collar
23:09 Gold Mining
26:45 Pikeman
39:12 Imperial Age
38:47 Wheelbarrow
38:26 Bow Saw
41:06 Chemistry
39:48 Elite Organ Gun
42:26 Arquebus
43:15 Hand Cart
jphilkill
0:42 Loom
10:19 Wheelbarrow
13:52 Feudal Age
13:55 Double-Bit Axe
20:43 Castle Age
21:03 Stone Mining
21:03 Horse Collar
24:53 Pikeman
27:46 Gold Mining
28:27 Hand Cart
31:59 Gold Shaft Mining
31:47 Scale Mail Armor
31:58 Forging
31:55 Fletching
32:43 Elite Skirmisher
34:22 Scale Barding Armor
34:33 Chain Mail Armor
41:26 Iron Casting
42:02 Bodkin Arrow
42:07 Padded Archer Armor
43:03 Stone Shaft Mining
44:07 Leather Archer Armor
50:32 Imperial Age
guachalin
3:35 Loom
11:43 Feudal Age
17:54 Castle Age
18:49 Scale Mail Armor
19:00 Forging
24:25 Husbandry
26:14 Wheelbarrow
26:54 Scale Barding Armor
Chainbreaker
11:27 Feudal Age
12:53 Double-Bit Axe
16:01 Wheelbarrow
15:13 Loom
18:04 Castle Age
17:21 Wheelbarrow
16:31 Loom
17:56 Horse Collar
18:12 Gold Mining
18:13 Stone Mining
20:58 Bow Saw
23:19 Hand Cart
25:42 Stone Shaft Mining
29:27 Imperial Age
28:24 Heavy Plow
29:29 Ballistics
29:00 Guard Tower
30:03 Guard Tower
31:15 Chemistry
30:04 Arrowslits
30:16 Arrowslits
30:48 Masonry
31:38 Forging
31:34 Scale Barding Armor
31:31 Padded Archer Armor
31:32 Scale Mail Armor
31:22 Fletching
32:26 Keep
32:01 Siege Engineers
33:07 Bombard Tower
33:56 Gambesons
34:13 Squires
33:34 Pikeman
34:03 Arson
33:41 Elite Teutonic Knight
35:24 Crenellations
35:28 Conscription
36:45 Ironclad
37:16 Capped Ram
39:54 Hoardings
40:10 Iron Casting
39:50 Chain Mail Armor
39:56 Chain Barding Armor
39:29 Halberdier
48:26 Blast Furnace
48:01 Plate Barding Armor
47:57 Plate Mail Armor
Steklowata
8:20 Loom
10:38 Feudal Age
11:58 Man-at-Arms
12:46 Double-Bit Axe
13:38 Bloodlines
14:15 Scale Barding Armor
16:07 Fletching
17:00 Horse Collar
17:42 Forging
25:14 Castle Age
27:56 Husbandry
28:25 Chain Barding Armor
30:24 Gold Mining
31:23 Iron Casting
32:21 Wheelbarrow
31:31 Town Watch
36:37 Light Cavalry
39:11 Bodkin Arrow
40:08 Bow Saw
40:25 Hand Cart
40:11 Town Patrol
40:14 Heavy Plow
49:19 Imperial Age
Zalypuch
2:46 Loom
13:08 Feudal Age
14:04 Feudal Age
14:30 Double-Bit Axe
14:26 Horse Collar
19:43 Fletching
19:53 Padded Archer Armor
22:06 Castle Age
20:27 Gold Mining
22:31 Forging
22:19 Stone Mining
22:25 Crossbowman
23:28 Squires
24:30 Bow Saw
26:31 Pikeman
30:42 Ballistics
31:01 Bodkin Arrow
32:40 Leather Archer Armor
32:39 Fortified Wall
32:42 Masonry
32:28 Murder Holes
34:11 Wheelbarrow
43:41 Imperial Age
41:36 Hand Cart
44:20 Silk Road
43:46 Elite Genoese Crossbowman
44:45 Bracer
45:54 Chemistry
45:17 Conscription
47:48 Ring Archer Armor
Connection lost

Rejoining the realm…

Still unreachable

The connection could not be restored.

Session expired

The server has moved on; the page needs a fresh start.